 Dungeon Crawl Stone Soup version 0.20.0-8-g6b59dc7 (webtiles) character file.

203 Jumperg the Bolt Thrower (level 6, -3/34 HPs)
             Began as a Kobold Arcane Marksman on June 1, 2017.
             Was a Follower of Ru.
             Slain by a worker ant (6 damage)
             ... on level 4 of the Dungeon.
             The game lasted 00:45:52 (3661 turns).

Jumperg the Bolt Thrower (Kobold Arcane Marksman)   Turns: 3661, Time: 00:45:52

Health: -3/34      AC:  5    Str:  7    XL:     6   Next: 8%
Magic:  5/9        EV: 15    Int: 14    God:    Ru [*.....]
Gold:   169        SH:  0    Dex: 18    Spells: 2/9 levels left

rFire    . . .     SeeInvis .   a - +0 hand crossbow
rCold    . . .     Gourm    .   (shield restricted)
rNeg     . . .     Faith    .   e - +0 robe
rPois    .         Spirit   .   k - +0 helmet
rElec    .         Reflect  .   (no cloak)
rCorr    .         Harm     .   p - +0 pair of gloves
MR       .....                  s - +0 pair of boots
Stlth    +++.......             (no amulet)
Regen    0.2/turn               (no ring)
MPRegen  0.2/turn               (no ring)

@: lethally poisoned (-3 -> -12)
A: carnivore 3, inability to train armour
a: Renounce Religion


You were on level 4 of the Dungeon.
You worshipped Ru.
Ru was aware of your devotion.
You were completely stuffed.

You visited 1 branch of the dungeon, and saw 4 of its levels.

You collected 169 gold pieces.

Inventory:

Hand Weapons
 a - a +0 hand crossbow (weapon)
 g - a +0 dagger
 y - a +3 whip
Missiles
 d - 14 bolts (quivered)
 h - 186 stones
 l - 20 poisoned needles
Armour
 e - a +0 robe (worn)
 k - a +0 helmet (worn)
 p - a +0 pair of gloves (worn)
 s - a +0 pair of boots (worn)
Jewellery
 m - an uncursed amulet of rage {unknown}
 r - a +4 ring of evasion {unknown}
 t - an uncursed ring of positive energy {unknown}
Scrolls
 i - a scroll of immolation
 j - a scroll of enchant armour {unknown}
 w - a scroll of remove curse {unknown}
 z - a scroll of recharging {unknown}
 A - a scroll of noise {unknown}
 B - a scroll of fog {unknown}
Potions
 b - a potion of curing {unknown}
 n - a potion of mutation {unknown}
 o - a potion of brilliance {unknown}
 q - a potion of heal wounds {unknown}
 u - a potion of might {unknown}
 v - 4 potions of haste {unknown}
 x - a potion of ambrosia {unknown}
Books
 c - a book of Debilitation

   Spells                             Type                      Level
   a - Corona                         Hexes                        1
   b - Slow                           Hexes                        2
   c - Inner Flame                    Hexes/Fire                   3
   d - Portal Projectile              Hexes/Translocation          3
   e - Cause Fear                     Hexes                        4
   f - Leda's Liquefaction            Hexes/Earth                  4
Comestibles
 f - 4 meat rations


   Skills:
 - Level 1.1 Fighting
 + Level 4.3 Crossbows
 - Level 2.4 Dodging
 - Level 3.5 Stealth
 - Level 2.4 Spellcasting
 + Level 4.0 Hexes
 + Level 0.4 Translocations


You had 2 spell levels left.
You knew the following spells:

 Your Spells              Type           Power        Failure   Level  Hunger
a - Corona                Hex            ##.....      4%          1    #......
b - Inner Flame           Hex/Fire       #.......     30%         3    ###....
c - Portal Projectile     Hex/Tloc       #.....       26%         3    ###....


Dungeon Overview and Level Annotations

Branches:
Dungeon (4/15)
 Temple: D:4-7

Altars:
Fedhas
Hepliaklqana
Nemelex Xobeh
Qazlal
Ru
Yredelemnul
The Shining One

Annotations:
D:3 1 runed door, wewlad1's ghost, amateur DEFE


Innate Abilities, Weirdness & Mutations

You are small and have problems with some larger weapons.
You are carnivorous and can eat meat at any time.
You cannot train Armour skill.


Message History

The worker ant bites you!
* * * LOW HITPOINT WARNING * * *
You are lethally poisoned!
The worker ant poisons you!
Firing (i - inventory. (,) - cycle):
d - 16 bolts (quivered)
Press: ? - help, Shift-Dir - straight line, f/p - worker ant
Aim: a worker ant (lightly wounded, softly glowing)
You shoot a bolt.
The bolt hits the worker ant but does no damage.
The worker ant is lightly wounded.
* * * LOW HITPOINT WARNING * * *
You feel sick. The worker ant barely misses you.
The worker ant closely misses you.
Firing (i - inventory. (,) - cycle):
d - 15 bolts (quivered)
Press: ? - help, Shift-Dir - straight line, f/p - worker ant
Aim: a worker ant (lightly wounded, softly glowing)
You shoot a bolt. The bolt barely misses the worker ant.
* * * LOW HITPOINT WARNING * * *
You feel sick. The worker ant bites you.
You die...

#.#.# #.# #....
#.#.# ###.#
#########....
#.#.. ...#
#.......##.##
#.# ### #..#
#.......##..#
#.# #.. #..#
#.......###.#
#.# #.### #..#
#.......###..
#.# #.#.# #..#
#............
#.# #.#.####..#
#.......####.
#.###........@#
#.......<..#.
#.....#.#####a#
####.........
#######.# #.#
####.#.....#.
#.# #.#
..#.#.......
#.# #(#
#.#.#.###.#.
#.+....(#
##.#.#.#####.
###.a.###
#....#.......
####
#........%...
#...(########


You could see a worker ant.

Vanquished Creatures
  An iguana (D:4)
  2 orc wizards (D:3)
  A hound skeleton (D:4)
  2 gnolls
  An adder (D:2)
  2 worms (D:2)
  A dart slug (D:4)
  10 orcs
  6 goblins
  7 hobgoblins
  4 jackals (D:1)
  13 kobolds
  A quokka (D:3)
  3 ball pythons
  7 bats
  3 frilled lizards
  3 rats
67 creatures vanquished.

Notes
Turn   | Place    | Note
-------+----------+-------------------------------------------
     0 | D:1      | Jumperg the Kobold Arcane Marksman began the quest for the Orb.
     0 | D:1      | Reached XP level 1. HP: 12/12 MP: 2/2
   191 | D:1      | Reached XP level 2. HP: 16/16 MP: 3/3
   586 | D:1      | Reached skill level 1 in Stealth
   665 | D:1      | Reached XP level 3. HP: 20/20 MP: 5/5
  1363 | D:2      | Found a sparkling altar of Nemelex Xobeh.
  1648 | D:2      | Found a sacrificial altar of Ru.
  1657 | D:2      | Found a basalt altar of Yredelemnul.
  1657 | D:2      | Found a hazy altar of Hepliaklqana.
  1682 | D:2      | Became a worshipper of Ru the Awakened
  1869 | D:2      | Reached XP level 4. HP: 25/25 MP: 5/7
  2381 | D:3      | Found a stormy altar of Qazlal.
  2381 | D:3      | Found a glowing golden altar of the Shining One.
  2383 | D:3      | Found a blossoming altar of Fedhas.
  2534 | D:3      | Noticed wewlad1's ghost (amateur DEFE)
  2797 | D:3      | Reached XP level 5. HP: 24/29 MP: 6/8
  2887 | D:3      | Learned a level 3 spell: Inner Flame
  2891 | D:3      | Learned a level 3 spell: Portal Projectile
  2898 | D:3      | Found a runed door.
  3153 | D:4      | Noticed a black bear
  3163 | D:4      | Noticed an ogre
  3502 | D:4      | Gained mutation: You cannot train Armour skill. [Ru sacrifice]
  3502 | D:4      | Reached * piety under Ru
  3546 | D:4      | Reached XP level 6. HP: 34/34 MP: 7/9
  3661 | D:4      | Slain by a worker ant

Skill      XL: |  1  2  3  4  5 |
---------------+----------------+-----
Stealth        | 1 2 3 |  3.5
Spellcasting   | 2 |  2.4
Crossbows      | 3 4 |  4.3
Hexes          | 4 |  4.0
Fighting       | |  1.1
Dodging        | |  2.4
Translocations | |  0.4

Action                   |  1- 3 |  4- 6 || total
-------------------------+-------+-------++-------
Melee: Dagger            |    45 |     5 ||    50
 Fire: Hand crossbow     |    61 |    95 ||   156
Throw: Stone             |     9 |       ||     9
 Cast: Corona            |     8 |    16 ||    24
Invok: Sacrifice Durabil |       |     1 ||     1
  Use: Scroll            |       |     1 ||     1
  Eat: Chunk             |    11 |     6 ||    17
Armor: Robe              |     9 |     8 ||    17
Dodge: Dodged            |    49 |    70 ||   119
